 Dungeon Crawl Stone Soup version 0.29.1-12-g30fa7ad0bf (webtiles) character file.

Game seed: 7623222659535359098

17001 cheesebisquit the Geomancer (level 12, -1/67 HPs)
             Began as a Gargoyle Earth Elementalist on Jan 16, 2023.
             Was a Priest of Vehumet.
             Slain by a komodo dragon (15 damage)
             ... on level 1 of the Lair of Beasts.
             The game lasted 01:08:52 (17366 turns).

cheesebisquit the Geomancer (GrEE)                 Turns: 17366, Time: 01:08:52

Health: -1/67      AC: 20    Str: 12    XL:     12   Next: 43%
Magic:  16/25      EV: 13    Int: 36    God:    Vehumet [***...]
Gold:   748        SH:  0    Dex: 10    Spells: 11/30 levels left

rFire   . . .      SeeInvis .   B - +4 quarterstaff (vorpal)
rCold   . . .      Faith    .   (shield currently unavailable)
rNeg    + . .      Spirit   .   M - +0 steam dragon scales
rPois   ∞          Reflect  .   L - +0 helmet {Int+3}
rElec   +          Harm     .   C - +0 cloak
rCorr   .          Rampage  .   f - +0 pair of gloves
Will    .....                   m - +1 pair of boots
Stlth   ++........              (no amulet)
HPRegen 0.21/turn               H - +6 ring of intelligence
MPRegen 0.19/turn               x - +6 ring of intelligence

@: about to teleport
A: sickness immunity, AC +8, negative energy resistance 1, electricity
resistance, torment resistance 1, petrification resistance
a: Renounce Religion


You were on level 1 of the Lair of Beasts.
You worshipped Vehumet.
Vehumet was most pleased with you.
You visited 3 branches of the dungeon, and saw 15 of its levels.

You collected 748 gold pieces.

Inventory:

Hand Weapons
 o - a +0 mace
 B - a +4 vorpal quarterstaff (weapon)
Missiles
 s - 3 throwing nets
 G - 32 poisoned darts
Armour
 a - a +3 scale mail
 d - a +0 chain mail
 f - a +0 pair of gloves (worn)
 j - a +0 buckler
 m - a +1 pair of boots (worn)
 t - a +0 kite shield
 C - a +0 cloak (worn)
 L - a +0 helmet of intelligence (worn)
 M - +0 steam dragon scales (worn)
Jewellery
 c - a +6 ring of dexterity
 p - a ring of flight
 r - an amulet of faith
 x - a +6 ring of intelligence (right hand)
 z - a +6 ring of dexterity
 H - a +6 ring of intelligence (left hand)
 I - a ring of positive energy
 K - a +4 ring of evasion
 Q - a ring of protection from fire
 S - a ring of fire
 U - a ring of protection from fire
 W - a ring of positive energy
Wands
 q - a wand of paralysis (4)
 D - a wand of flame (21)
 V - a wand of mindburst (6)
Scrolls
 h - a scroll of torment
 i - 2 scrolls of immolation
 n - a scroll of silence
 u - 3 scrolls of vulnerability
 w - 2 scrolls of teleportation
 y - 3 scrolls of magic mapping
 E - a scroll of amnesia
 J - a scroll of summoning
 O - a scroll of fear
Potions
 b - a potion of magic
 e - 2 potions of mutation
 g - 5 potions of curing
 k - 7 potions of attraction
 l - a potion of ambrosia
 v - a potion of heal wounds
 A - a potion of resistance
 F - 3 potions of lignification
 N - 3 potions of might
 P - a potion of flight
 R - a potion of brilliance


   Skills:
 + Level 4.7 Fighting
 + Level 9.3 Staves
 + Level 5.0 Armour
 + Level 4.3 Dodging
 - Level 2.3 Stealth
 + Level 9.6 Spellcasting
 + Level 4.9 Conjurations
 - Level 1.0 Transmutations
 + Level 12.5 Earth Magic
 + Level 4.2 Evocations


You had 11 spell levels left.
You knew the following spells:

 Your Spells              Type           Power      Damage    Failure   Level
a - Sandblast             Erth           100%       2d20      0%          1
b - Stone Arrow           Conj/Erth      100%       3d13      1%          3
c - Lehudib's Crystal Sp  Conj/Erth      34%        10d9      71%         8
d - Conjure Flame         Conj/Fire      35%        6-21      1%          3
e - Sticky Flame          Conj/Fire      35%        2d5       2%          4

Your spell library contained the following spells:

 Spells                   Type           Power      Damage    Failure   Level
 Flame Wave               Conj/Fire      35%        2d10      2%          4
 Passwall                 Tmut/Erth      50%        N/A       1%          2
 Static Discharge         Conj/Air       35%        3-8/arc   1%          2
 Ignite Poison            Fire/Tmut/Pois 19%        N/A       1%          3
 Mephitic Cloud           Conj/Pois/Air  29%        N/A       1%          3
 Animate Armour           Summ/Erth      100%       N/A       1%          4
 Petrify                  Tmut/Erth      60%        N/A       1%          4
 Inner Flame              Hex/Fire       17%        N/A       2%          3
 Ensorcelled Hibernation  Hex/Ice        34%        N/A       3%          2
 Ozocubu's Armour         Ice            17%        N/A       8%          3
 Portal Projectile        Hex/Tloc       34%        N/A       8%          3
 Summon Guardian Golem    Hex/Summ       17%        N/A       8%          3
 Swiftness                Air            17%        N/A       8%          3
 Tukima's Dance           Hex            17%        N/A       8%          3
 Freezing Cloud           Conj/Ice/Air   14%        6-21      10%         5
 Cause Fear               Hex            8%         N/A       24%         4
 Dispel Undead            Necr           17%        3d10      24%         4
 Blade Hands              Tmut           12%        N/A       41%         5
 Orb of Destruction       Conj           25%        9d9       54%         7
 Spellforged Servitor     Conj/Summ      17%        N/A       85%         7
 Ozocubu's Refrigeration  Ice            8%         4d9       99%         7
 Discord                  Hex            8%         N/A       100%        8


Dungeon Overview and Level Annotations

Branches:
Dungeon (13/15)            Temple (1/1) D:5            Lair (1/5) D:10
    Orc: D:9-12      Vaults: D:13-14

Altars:
Ashenzari
Cheibriados
Dithmenos
Elyvilon
Fedhas
Gozag
Hepliaklqana
Kikubaaqudgha
Makhleb
Nemelex Xobeh
Okawaru
Qazlal
Sif Muna
Trog
Uskayaw
Vehumet
Wu Jian
Xom
Yredelemnul
Zin
The Shining One

Shops:
D:5 :

Annotations:
D:5 2 runed translucent doors, Radix's ghost, novice DENe


Innate Abilities, Weirdness & Mutations

You are immune to sickness and miasma.
Your stone body is resilient. (AC +8)
You are immune to poison.
You resist negative energy. (rN+)
You are resistant to electric shocks. (rElec)
You are resistant to unholy torment.
You are immune to petrification.


Message History

The alligator misses you. The alligator tail-slaps you.
There is a stone staircase leading down here.
The komodo dragon attacks as you move away!
The komodo dragon barely misses you.
The komodo dragon attacks as you move away!
The komodo dragon bites you but does no damage.
The alligator attacks as you move away! The alligator bites you!
The alligator tail-slaps you but does no damage.
The alligator bites you!
The alligator tail-slaps you but does no damage.
As you read the scroll of teleportation, it crumbles to dust.
You feel strangely unstable. The komodo dragon closely misses you.
The alligator closely misses you. x2
Okay, then.
Aiming: Stone Arrow (safe; 1% risk of failure)
Press: ? - help, Q - select action, (/) - cycle Shift-Dir - straight line, f - alligator, p - komodo dragon
Aim: an alligator (covering ground quickly, 81% to hit)
The stone arrow hits the alligator!!
The alligator is moderately wounded.
The komodo dragon bites you but does no damage.
The alligator bites you!!
* * * LOW HITPOINT WARNING * * *
The alligator tail-slaps you but does no damage.
Aiming: Stone Arrow (safe; 1% risk of failure)
Press: ? - help, Q - select action, (/) - cycle Shift-Dir - straight line, f/p - alligator
Aim: an alligator (moderately wounded, covering ground quickly, 81% to hit)
The stone arrow hits the alligator!!
The alligator is severely wounded.
The komodo dragon barely misses you. The alligator barely misses you.
The alligator tail-slaps you but does no damage.
Aiming: Stone Arrow (safe; 1% risk of failure)
Press: ? - help, Q - select action, (/) - cycle Shift-Dir - straight line, f/p - alligator
Aim: an alligator (severely wounded, covering ground quickly, 81% to hit)
The stone arrow hits the alligator!!
The alligator is almost dead.
The alligator bites you!
* * * LOW HITPOINT WARNING * * *
The alligator tail-slaps you but does no damage.
The komodo dragon bites you!
You die...

..<..............................
................#P#########.P....
..............##### ###....
..............# #....
..............# ### ##....
..............###.##########.....
.........................).......
.................l...............
................@t.Y.............
#.#########P...###.#≈.≈...#######
### ##...# ###≈≈≈....# # #....#
##≈≈≈...## # ######## ##...#
#≈≈≈≈...# #
..P#.#P#####...####≈≈≈....###
..................#≈≈.......#
.................##≈~..########..
..................#≈~....##......


You could see an alligator (swift), a komodo dragon and a yak.

Vanquished Creatures
  Harold (D:9)
  A catoblepas (D:10)
  3 two-headed ogres
  Nergalle (Lair:1)
  A manticore (D:11)
  An ugly thing (D:12)
  Maggie (D:7)
  8 komodo dragons
  5 trolls
  A hornet (D:9)
  3 slime creatures (D:12)
  18 yaks
  A wraith (D:11)
  A basilisk (Lair:1)
  4 wyverns
  A steam dragon (D:6)
  An acid dragon (D:9)
  7 water moccasins
  3 orc warriors
  3 black bears
  A swamp drake (D:10)
  An ice beast (D:7)
  3 sky beasts
  2 ogres (D:5)
  4 centaurs
  A wolf (Lair:1)
  5 kobold brigands
  6 bullfrogs
  3 necrophages
  A scorpion (D:7)
  A gnoll sergeant (D:8)
  7 wights
  6 howler monkeys
  3 orc priests
  A hound (D:4)
  Crazy Yiuf (D:3)
  A jelly (D:4)
  2 gnoll boudas (D:9)
  An iguana (D:6)
  Natasha (thrice) (D:3)
  11 orc wizards
  A human simulacrum (D:9)
  Robin (D:4)
  23 gnolls
  4 adders
  3 white imps
  2 ufetubi
  3 dart slugs
  26 orcs
  4 endoplasms
  2 giant cockroaches
  16 goblins
  6 hobgoblins
  3 quokkas
  4 ball pythons
  3 bats (D:1)
  5 frilled lizards
  20 kobolds
  5 rats
260 creatures vanquished.

Vanquished Creatures (others)
  An orc warrior (D:9)
  A human simulacrum (D:9)
  A fungus (Lair:1)
  A plant (Lair:1)
4 creatures vanquished.

Grand Total: 264 creatures vanquished

Notes
Turn   | Place    | Note
-------+----------+-------------------------------------------
     0 | D:1      | cheesebisquit the Gargoyle Earth Elementalist began the
                  | quest for the Orb.
     0 | D:1      | Reached XP level 1. HP: 10/10 MP: 3/3
    33 | D:1      | Found a faded altar of an unknown god.
   501 | D:1      | Reached skill level 1 in Transmutations
   501 | D:1      | Reached XP level 2. HP: 15/15 MP: 0/5
   966 | D:1      | Reached skill level 4 in Earth Magic
  1627 | D:2      | Reached XP level 3. HP: 19/19 MP: 4/6
  1770 | D:2      | Found a broken altar of Ashenzari.
  2489 | D:3      | Noticed Natasha
  2492 | D:3      | Killed Natasha
  2493 | D:3      | Reached XP level 4. HP: 23/24 MP: 5/8
  2740 | D:3      | Reached skill level 5 in Earth Magic
  2825 | D:3      | Reached XP level 5. HP: 28/28 MP: 6/10
  3327 | D:3      | Noticed Natasha
  3330 | D:3      | Killed Natasha
  3403 | D:3      | Found a runed translucent door.
  3404 | D:3      | Noticed Crazy Yiuf
  3410 | D:3      | Killed Crazy Yiuf
  3411 | D:3      | Reached skill level 6 in Earth Magic
  3411 | D:3      | Reached XP level 6. HP: 8/32 MP: 8/12
  3428 | D:3      | Learned a level 3 spell: Stone Arrow
  3689 | D:3      | Noticed Natasha
  3691 | D:3      | Killed Natasha
  3796 | D:4      | Found an opulent altar of Gozag.
  3854 | D:4      | Noticed Robin
  3857 | D:4      | Killed Robin
  3866 | D:4      | Reached skill level 1 in Staves
  4723 | D:5      | Entered Level 5 of the Dungeon
  4728 | D:5      | Found a large runed translucent door.
  4790 | D:5      | Found a large runed translucent door.
  4793 | D:5      | Noticed Radix's ghost (novice DENe)
  4802 | D:5      | Found a staircase to the Ecumenical Temple.
  4809 | Temple   | Entered the Ecumenical Temple
  4826 | Temple   | Became a worshipper of Vehumet
  4852 | D:5      | Reached XP level 7. HP: 36/36 MP: 10/13
  4984 | D:5      | Found Uggiph's Book Shop.
  5131 | D:5      | Reached skill level 7 in Earth Magic
  5291 | D:5      | Reached skill level 5 in Spellcasting
  5838 | D:6      | Found an ancient bone altar of Kikubaaqudgha.
  5842 | D:6      | Found a basalt altar of Yredelemnul.
  5846 | D:6      | Noticed a steam dragon
  5855 | D:6      | Killed a steam dragon
  5856 | D:6      | Reached XP level 8. HP: 39/41 MP: 11/16
  5978 | D:6      | Reached skill level 8 in Earth Magic
  6112 | D:6      | Found a bloodstained altar of Trog.
  6178 | D:6      | Found a broken altar of Ashenzari.
  6215 | D:6      | Noticed a yak
  6609 | D:6      | Reached skill level 5 in Staves
  6689 | D:6      | Noticed a yak
  6690 | D:6      | Noticed a yak
  6690 | D:6      | Noticed a yak
  6690 | D:6      | Noticed a yak
  6692 | D:6      | Noticed a yak
  6694 | D:6      | Killed a yak
  6695 | D:6      | Reached skill level 9 in Earth Magic
  6695 | D:6      | Reached XP level 9. HP: 45/45 MP: 14/18
  7490 | D:7      | Reached * piety under Vehumet
  7490 | D:7      | Offered knowledge of Foxfire by Vehumet.
  7545 | D:7      | Reached skill level 10 in Earth Magic
  8094 | D:7      | Reached XP level 10. HP: 32/50 MP: 15/21
  8349 | D:7      | Noticed Maggie
  8393 | D:7      | Killed Maggie
  8395 | D:7      | Reached skill level 11 in Earth Magic
  9397 | D:8      | Found a snail-covered altar of Cheibriados.
  9810 | D:8      | Offered knowledge of Shock by Vehumet.
  9855 | D:8      | Reached ** piety under Vehumet
  9887 | D:8      | Identified the +1 mace of the Crafting Puffin {drain,
                  | Stlth+}
 10046 | D:8      | Learned a level 8 spell: Lehudib's Crystal Spear
 10327 | D:9      | Reached skill level 1 in Armour
 10330 | D:9      | Reached skill level 1 in Fighting
 10468 | D:8      | Reached skill level 1 in Conjurations
 10677 | D:9      | Noticed Harold
 10679 | D:9      | Paralysed by Harold for 4 turns
 10773 | D:9      | Killed Harold
 10774 | D:9      | Reached skill level 1 in Evocations
 11152 | D:9      | Reached XP level 11. HP: 48/57 MP: 16/23
 11651 | D:9      | Found a burning altar of Makhleb.
 11895 | D:10     | Entered Level 10 of the Dungeon
 11898 | D:10     | Offered knowledge of Conjure Flame by Vehumet.
 11898 | D:10     | Noticed a catoblepas
 11905 | D:9      | Learned a level 3 spell: Conjure Flame
 12017 | D:10     | Killed a catoblepas
 12082 | D:10     | Reached *** piety under Vehumet
 12085 | D:10     | Noticed a two-headed ogre
 12094 | D:10     | Killed a two-headed ogre
 12409 | D:10     | Found a blossoming altar of Fedhas.
 12568 | D:10     | Reached skill level 12 in Earth Magic
 12717 | D:10     | Found a staircase to the Lair.
 13086 | D:10     | Found a sparkling altar of Nemelex Xobeh.
 13377 | D:11     | Learned a level 4 spell: Sticky Flame
 13723 | D:11     | Noticed a manticore
 13755 | D:11     | Killed a manticore
 13755 | D:11     | Offered knowledge of Flame Wave by Vehumet.
 13895 | D:11     | Noticed a two-headed ogre
 13898 | D:11     | Killed a two-headed ogre
 15105 | D:12     | Found a shadowy altar of Dithmenos.
 15108 | D:12     | Noticed a two-headed ogre
 15114 | D:12     | Killed a two-headed ogre
 15115 | D:12     | Reached XP level 12. HP: 66/66 MP: 16/25
 16229 | Lair:1   | Entered Level 1 of the Lair of Beasts
 16956 | Lair:1   | Noticed Nergalle
 16964 | Lair:1   | Killed Nergalle
 16965 | Lair:1   | Reached skill level 5 in Armour
 17346 | Lair:1   | Noticed an alligator
 17366 | Lair:1   | Slain by a komodo dragon

Illustrated notes

Levels and vault maps discovered:
D:1:      lightli_arrival_statuegarden, layout_basic, serial_forest,
          infiniplex_forest_straight_3, infiniplex_forest_end_1,
          infiniplex_forest_clump_small, infiniplex_forest_straight_5,
          infiniplex_forest_clump_double, infiniplex_forest_lined_2,
          hellmonk_ecumenical_altar_zigzags, minmay_misc_feat_doors,
          kennysheep_another_room, roderic_roman_lattice
D:2:      minmay_door_path, layout_basic, basic_altar,
          chequers_serial_rivers_small_b
D:3:      layout_basic, kennysheep_big_empty_room, uniq_natasha,
          uniq_crazy_yiuf_cottage
D:4:      layout_loops_ring, lemuel_tele_altar, minmay_stone_trees_small,
          uniq_robin
D:5:      layout_basic, minmay_temple_entry_tees, serial_shops,
          nicolae_shop_statue_plus, ebering_ghost_disaster_area
D:6:      layout_loops_ring, mainiacjoe_overflow_alcove_1,
          evilmike_ruin_ashenzari, nicolae_overflow_hidden_temple
D:7:      layout_cave_pods, kennysheep_minor_cross, uniq_maggie
D:8:      layout_basic, mainiacjoe_overflow_concentric_impassable,
          kennysheep_generic_room_5
D:9:      layout_basic, lightli_temple_of_fire, bh_circular_ruins, uniq_harold
D:10:     layout_cave_pools, mainiacjoe_overflow_boulevard,
          nicolae_overflow_crystal_walls, erik_lair_dragon
D:11:     layout_loops_cross, minmay_unpleasant_kobolds
D:12:     layout_basic, hiddenorc2_lemuel, nicolae_dithmenos_shadow_blocks,
          uniq_snorg
D:13:     layout_basic, erik_vaults_1, minmay_checkerbox, uniq_nessos
Temple:   hellmonk_temple_two_chambers
Lair:1:   layout_long_grid, nicolae_lair_lakeside_cave, uniq_nergalle

Skill      XL: |  1  2  3  4  5  6  7  8  9 10 11 12 |
---------------+-------------------------------------+-----
Transmutations | 1 |  1.0
Earth Magic    | 4 5 6 7 9 10 11 12 | 12.5
Spellcasting   | 3 4 5 6 7 8 9 |  9.6
Staves         | 1 3 5 7 8 9 |  9.3
Armour         | 2 4 5 |  5.0
Dodging        | 2 3 4 |  4.3
Fighting       | 2 4 |  4.7
Conjurations   | 2 4 |  4.9
Evocations     | 1 3 4 |  4.2
Stealth        | |  2.3

Action                   |  1- 3 |  4- 6 |  7- 9 | 10-12 || total
-------------------------+-------+-------+-------+-------++-------
Melee: Quarterstaff      |       |     5 |     6 |    35 ||    46
 Cast: Sandblast         |    40 |    67 |   121 |   103 ||   331
       Stone Arrow       |       |       |       |   195 ||   195
       Conjure Flame     |       |       |       |     3 ||     3
Evoke: Wand              |       |       |     4 |       ||     4
  Use: Scroll            |     6 |     2 |     5 |    26 ||    39
       Potion            |       |       |     1 |     1 ||     2
Armor: Leather armour    |     1 |     6 |    11 |       ||    18
       Steam dragon scal |       |       |    34 |   165 ||   199
Dodge: Dodged            |     5 |     7 |    44 |   101 ||   157
